AoeStats
← [TMG] sandriko

Arena

508901449Analyzed
4v4 RM · 9d ago on Sep 24, 2026· 35m 27s· 8 players
Game mode
Random Map
Map size
Large (8 player)
Population
200
Speed
Normal
Resources
Standard
Victory
Conquest
Starting age
Dark Age
Ending age
Imperial Age
RankedLock teamsTeams togetherTeam positionsShared explorationLock speedFull tech treeHidden civsTurbo modeCheats
Victory
Defeat
🇬🇪 Koreans · Georgia
1603
+15
🇬🇪 Danes · Georgia
1597
+16
🇬🇪 Cumans · Georgia
1581
+16
🇬🇪 Khmer · Georgia
1570
+17
🇵🇹 Turks · Portugal
1610
-16
🇨🇳 Vikings · China
1589
-16
🇺🇾 Franks · Uruguay
1584
-16
🇵🇹 Varangians · Portugal
1577
-16
FMG | Sawasha Takohida
10:09 Feudal Age
12:02 Double-Bit Axe
14:31 Castle Age
15:41 Bow Saw
20:24 Loom
22:39 Wheelbarrow
22:11 Gold Mining
26:58 Forging
31:40 Imperial Age
29:41 Squires
29:33 Light Cavalry
30:14 Husbandry
30:47 Hand Cart
31:00 Scale Mail Armor
31:05 Light Cavalry
32:52 Iron Casting
33:07 Stone Mining
32:51 Pikeman
34:07 Scale Barding Armor
34:18 Chain Mail Armor
34:01 Arson
33:50 Halberdier
oSetinhas
10:07 Feudal Age
8:25 Loom
10:10 Feudal Age
11:24 Town Watch
14:27 Castle Age
13:01 Fletching
15:45 Double-Bit Axe
20:17 Horse Collar
22:37 Bow Saw
24:44 Wheelbarrow
25:08 Gold Mining
26:37 Heavy Plow
31:21 Imperial Age
30:57 Gold Shaft Mining
30:12 Stone Mining
31:08 Hand Cart
31:20 Padded Archer Armor
32:35 Conscription
33:05 Elite Janissary
Savitar_pt
10:49 Feudal Age
14:51 Castle Age
14:32 Double-Bit Axe
14:28 Horse Collar
15:47 Wheelbarrow
16:47 Bow Saw
21:22 Loom
24:28 Squires
24:52 Gold Mining
26:11 Heavy Plow
29:47 Imperial Age
27:21 Pikeman
28:04 Scale Mail Armor
28:14 Forging
30:28 Chain Mail Armor
30:48 Iron Casting
29:50 Halberdier
31:04 Arson
31:50 Plate Mail Armor
30:45 Onager
33:02 Conscription
33:41 Hand Cart
34:30 Blast Furnace
yesila
10:46 Feudal Age
11:53 Double-Bit Axe
14:49 Castle Age
12:55 Horse Collar
15:55 Bow Saw
18:48 Loom
20:10 Heavy Plow
21:38 Gold Mining
21:40 Stone Mining
21:45 Loom
23:17 Gold Shaft Mining
27:08 Imperial Age
27:14 Imperial Age
24:50 Scale Mail Armor
25:00 Forging
25:42 Squires
[TMG] sandriko
10:44 Feudal Age
14:27 Castle Age
12:16 Double-Bit Axe
12:16 Horse Collar
15:21 Bow Saw
15:41 Scale Mail Armor
16:32 Forging
18:17 Loom
19:46 Iron Casting
19:14 Squires
18:59 Arson
22:16 Chain Mail Armor
22:37 Hamask
28:36 Wheelbarrow
33:05 Imperial Age
31:26 Heavy Plow
33:18 Elite Jomsviking
34:30 Plate Mail Armor
34:22 Gold Mining
[TMG] Lucipher
5:42 Loom
8:21 Feudal Age
8:54 Double-Bit Axe
10:41 Fletching
12:24 Horse Collar
20:56 Castle Age
22:07 Wheelbarrow
21:47 Bow Saw
26:22 Hand Cart
26:23 Town Watch
29:54 Town Patrol
33:30 Imperial Age
31:25 Ballistics
31:17 Masonry
32:11 Bodkin Arrow
32:42 Town Patrol
34:21 Bracer
35:22 Chemistry
34:28 Siege Engineers
34:11 Arrowslits
34:56 Architecture
35:30 Chemistry
35:01 Architecture
34:12 Treadmill Crane
34:29 Stone Mining
35:04 Eupseong
35:25 Conscription
35:24 Guilds
[TMG] roogg
10:31 Feudal Age
13:16 Castle Age
11:29 Double-Bit Axe
11:44 Horse Collar
14:25 Bow Saw
14:56 Heavy Plow
21:03 Wheelbarrow
21:47 Gold Mining
24:00 Scale Barding Armor
27:13 Imperial Age
25:02 Husbandry
25:14 Forging
25:25 Bloodlines
25:45 Chain Barding Armor
26:07 Stone Mining
26:51 Loom
27:22 Hand Cart
26:53 Town Watch
27:56 Ballistics
27:47 Masonry
27:33 Murder Holes
28:26 Conscription
28:53 Gold Shaft Mining
28:53 Stone Shaft Mining
29:22 Chemistry
29:11 Plate Barding Armor
29:27 Crop Rotation
28:26 Elite Ballista Elephant
29:49 Double Crossbow
30:26 Siege Engineers
33:41 Architecture
33:26 Fortified Wall
36:40 Hoardings
[TMG] zv
8:21 Feudal Age
9:13 Double-Bit Axe
10:43 Horse Collar
14:52 Gold Mining
16:53 Wheelbarrow
19:13 Stone Mining
31:06 Castle Age
31:03 Town Watch
31:04 Loom
31:29 Fletching
31:40 Padded Archer Armor
33:00 Bow Saw
32:51 Heavy Plow
33:08 Hand Cart
33:54 Coinage
36:21 Imperial Age
34:22 Bodkin Arrow
34:43 Leather Archer Armor
34:50 Ballistics
Connection lost

Rejoining the realm…

Still unreachable

The connection could not be restored.

Session expired

The server has moved on; the page needs a fresh start.